 Dungeon Crawl Stone Soup version 0.26-a0-611-g354ed81502 (webtiles) character file.

Game seed: 134476981174869013

51 Descartes the Sneak (level 3, 0/15 HPs)
             Began as a Felid Transmuter on Sept 6, 2020.
             Slain by a worm (11 damage)
             ... on level 2 of the Dungeon.
             The game lasted 00:02:25 (1696 turns).

Descartes the Sneak (Felid Transmuter)              Turns: 1696, Time: 00:02:25

Health: 0/15       AC:  1    Str:  7    XL:     3   Next: 57%
Magic:  6/7        EV: 18    Int: 14    God:
Gold:   38         SH:  0    Dex: 16    Spells: 5/6 levels left
                                        Lives:  0   Deaths: 0

rFire    . . .     SeeInvis +     - Unarmed
rCold    . . .     Faith    .   (shield unavailable)
rNeg     . . .     Spirit   .   (armour unavailable)
rPois    .         Reflect  .   (helmet unavailable)
rElec    .         Harm     .   (cloak unavailable)
rCorr    .                      (gloves unavailable)
MR       .....                  (boots unavailable)
Stlth    +++.......             (no amulet)
HPRegen  0.05/turn              (no ring)
MPRegen  0.10/turn              (no ring)

@: appendages (expiring), quick
A: very small, no armour, no weapons or thrown items, stealth, claws 1, fangs 3,
horns 2, see invisible, speed 1, shaggy fur 1, sharp paws
a: End Transformation


You were on level 2 of the Dungeon.
You had grown temporary horns.
You visited 1 branch of the dungeon, and saw 2 of its levels.

You collected 38 gold pieces.

Inventory:

Missiles
 b - 37 arrows
 g - 25 stones
Jewellery
 f - an uncursed ring of wizardry {unknown}
Scrolls
 c - a scroll of identify {unknown}
 h - 3 scrolls of teleportation {unknown}
 i - a scroll of noise {unknown}
Potions
 a - 3 potions of curing {unknown}
 d - a potion of resistance {unknown}
 e - a potion of heal wounds {unknown}


   Skills:
 - Level 1.0 Fighting
 - Level 2.6 Dodging
 + Level 4.9 Stealth
 - Level 3.0 Unarmed Combat
 - Level 2.0 Spellcasting
 - Level 2.1 Transmutations


You had 5 spell levels left.
You knew the following spells:

 Your Spells              Type           Power        Failure   Level
a - Beastly Appendage     Tmut           #.....       10%         1

Your spell library contained the following spells:

 Spells                   Type           Power        Failure   Level
 Wereblood                Tmut           #.......     14%         2
 Spider Form              Tmut/Pois      #.........   41%         3
 Ice Form                 Ice/Tmut       #.......     83%         4
 Blade Hands              Tmut           #.........   95%         5


Dungeon Overview and Level Annotations

Branches:
Dungeon (2/15)

Altars:


Innate Abilities, Weirdness & Mutations

You cannot wear armour.
You are incapable of wielding weapons or throwing items.
Your paws allow you to move quietly. (Stealth)
You have sharp claws.
You have razor-sharp teeth.
You have supernaturally acute eyesight. (SInv)
You cover ground quickly.
You are covered in fur. (AC +1)
Your sharp claws are effective at attacking unaware monsters.
You have a pair of horns on your head.


Message History

You see here a scroll labeled LOCLEGH IMORU.
The helpless quokka fails to defend itself.
You claw the quokka!
You kill the quokka!
Your transformation is almost over.
The worm bites you.
Found a shiny silver ring.
You see here a quokka corpse.
You scratch the worm. You headbutt the worm. You bite the worm.
The worm is heavily wounded.
You scratch the worm but do no damage.
The worm is heavily wounded.
The worm misses you.
You barely miss the worm.
The worm is heavily wounded.
You scratch the worm but do no damage.
The worm is heavily wounded.
The worm bites you!
Ouch! That really hurt!
You die...

## ... ..### ..#
....# #.# ...# ###
#.# #..# #.. #.#(#
#).## #.#
#=⌠w###...# #.#
#@##.#.#########.#
#.#.#..)...........
##.#?.#.###########
##..##.# .......
......... #######
..#<......#. #
#########.#.# # #..
# #.#


You could see a worm.

Vanquished Creatures
  An adder (D:2)
  2 dart slugs (D:1)
  3 ball pythons
  4 bats (D:1)
  A giant cockroach (D:1)
  2 goblins (D:1)
  4 hobgoblins (D:1)
  7 jackals (D:1)
  A quokka (D:2)
  A frilled lizard (D:1)
  4 kobolds
  2 rats (D:1)
32 creatures vanquished.

Notes
Turn   | Place    | Note
-------+----------+-------------------------------------------
     0 | D:1      | Descartes the Felid Transmuter began the quest for the Orb.
     0 | D:1      | Reached XP level 1. HP: 9/9 MP: 4/4
   254 | D:1      | Reached skill level 1 in Stealth
   297 | D:1      | Reached skill level 2 in Stealth
   477 | D:1      | Reached XP level 2. HP: 11/12 MP: 4/6
   547 | D:1      | Reached skill level 3 in Stealth
   904 | D:1      | Reached skill level 4 in Stealth
   959 | D:1      | Reached XP level 3. HP: 15/15 MP: 5/7
  1696 | D:2      | Slain by a worm

Illustrated notes

Levels and vault maps discovered:
D:1:      shiori_arrival_maze, layout_loops_ring, serial_rivers,
          chequers_serial_rivers_micro_b, chequers_serial_rivers_marsh,
          chequers_serial_rivers_room_b, chequers_serial_rivers_micro_a,
          chequers_serial_rivers_marsh, minmay_domino_2
D:2:      layout_basic, minmay_circle_x

Skill      XL: |  1  2 |
---------------+-------+-----
Stealth        | 2 4 |  4.9
Fighting       | |  1.0
Dodging        | |  2.6
Unarmed Combat | |  3.0
Spellcasting   | |  2.0
Transmutations | |  2.1

Action                   || total
-------------------------++-------
Melee: Unarmed           ||    87
       Headbutt          ||    10
       Punch             ||     2
       Bite              ||     4
 Cast: Beastly Appendage ||    24
 Stab: Sleeping          ||     8
Armor: Skin              ||     6
Dodge: Dodged            ||    90

Table legend: (Time is in decaauts)
 A = Elapsed time spent in this place.
 B = Non-inter-level travel time spent in this place.
 C = Inter-level travel time spent in this place.
 D = Time resting spent in this place.
 E = Time spent auto-exploring this place.
 F = Levels seen in this place.
 G = Mean time per level.
                   A        B        C        D        E       F      G
               +--------+--------+--------+--------+--------+-----+--------+
         Total |   1512 |   1496 |     16 |    215 |   1033 |   2 |  756.0 |
       Dungeon |   1512 |   1496 |     16 |    215 |   1033 |   2 |  756.0 |
               +--------+--------+--------+--------+--------+-----+--------+

Top non-repeatable levels by time:
     D:1: 1218 daAuts
     D:2: 294 daAuts
